 Dungeon Crawl Stone Soup version 0.23.2-33-g5129a83184 (console) character file.

Game seed: 12647621884531902521

3156 jt the Grappler (level 9, 0/75 HPs)
             Began as a Troll Transmuter on July 26, 2019.
             Was a Follower of Ru.
             Slain by a hellwing (1 damage)
             ... on level 7 of the Dungeon.
             The game lasted 00:17:42 (6624 turns).

jt the Grappler (Troll Transmuter)                  Turns: 6624, Time: 00:17:43

Health: 0/75       AC:  9    Str: 20    XL:     9   Next: 62%
Magic:  6/9        EV:  9    Int: 12    God:    Ru [*.....]
Gold:   489        SH: 11    Dex: 10    Spells: 4/10 levels left

rFire    + . .     SeeInvis .     - Unarmed
rCold    . . .     Gourm    +   f - +1 shield
rNeg     . . .     Faith    +   b - +0 robe
rPois    +         Spirit   .   (helmet restricted)
rElec    .         Reflect  .   B - +2 cloak {rPois}
rCorr    .         Harm     .   (gloves unavailable)
MR       .....                  (boots unavailable)
Stlth    ++........             u - amulet of faith
HPRegen  0.62/turn              h - ring of stealth
MPRegen  0.11/turn              F - ring of protection from fire

@: no scrolls, very slightly contaminated
A: large, unfitting armour, claws 3, fast metabolism 3, gourmand, regeneration
1, shaggy fur 1, tough skin 3, inability to read while threatened
a: Renounce Religion


You were on level 7 of the Dungeon.
You worshipped Ru.
Ru was aware of your devotion.
You were very full.

You visited 2 branches of the dungeon, and saw 9 of its levels.

You collected 489 gold pieces.

Inventory:

Hand Weapons
 j - a +0 mace
 l - a +0 halberd
 r - a +0 trident
 s - a +2 whip of flaming
 y - a +4 quarterstaff of chaos
 C - a +0 mace
 I - a +0 shortbow
 K - a +0 hand axe of draining
 M - a +2 war axe of chopping
Missiles
 a - 140 arrows
 k - 17 poisoned needles
 n - 337 stones
 o - 26 bolts
 v - 31 sling bullets
 x - 3 tomahawks (quivered)
Armour
 b - a +0 robe (worn)
 f - a +1 shield (worn)
 B - a +2 cloak of poison resistance (worn)
Jewellery
 h - a ring of stealth (left claw)
 u - an amulet of faith (around neck)
 F - a ring of protection from fire (right claw)
Wands
 i - a wand of paralysis (21)
 G - a wand of flame (23)
 H - a wand of polymorph (15)
Scrolls
 m - 11 scrolls of identify
 t - 3 scrolls of remove curse
 w - a scroll of teleportation
 E - a scroll of enchant armour
Potions
 c - 4 potions of flight
 e - a potion of agility
 g - a potion of magic
Comestibles
 d - 14 rations
 L - 7 chunks of flesh


   Skills:
 - Level 0.7 Fighting
 - Level 1.5 Dodging
 + Level 7.3 Shields
 + Level 10.3 Unarmed Combat
 - Level 1.2 Spellcasting
 - Level 1.3 Transmutations
 - Level 2.0 Evocations


You had 4 spell levels left.
You knew the following spells:

 Your Spells              Type           Power        Failure   Level  Hunger
a - Beastly Appendage     Tmut           #.....       24%         1    ##.....
b - Sticks to Snakes      Tmut           #.......     34%         2    ###....
c - Confusing Touch       Hex            #.....       38%         1    ##.....
d - Blink                 Tloc           N/A          54%         2    ###....

Your spell library contained the following spells:

 Spells                   Type           Power        Failure   Level  Hunger
 Animate Skeleton         Necr           N/A          38%         1    ##.....
 Corona                   Hex            #......      38%         1    ##.....
 Magic Dart               Conj           #...         38%         1    ##.....
 Pain                     Necr           #...         38%         1    ##.....
 Call Imp                 Summ           #.......     54%         2    ###....
 Ensorcelled Hibernation  Hex/Ice        #.....       54%         2    ###....
 Slow                     Hex            #.......     54%         2    ###....
 Spider Form              Tmut/Pois      #.........   67%         3    ####...
 Confuse                  Hex            #.......     77%         3    ####...
 Conjure Flame            Conj/Fire      #.......     77%         3    ####...
 Dazzling Spray           Conj/Hex       #.....       77%         3    ####...
 Gell's Gravitas          Tloc           #.........   77%         3    ####...
 Mephitic Cloud           Conj/Pois/Air  #.......     77%         3    ####...
 Regeneration             Chrm/Necr      #.........   77%         3    ####...
 Tukima's Dance           Hex            #.......     77%         3    ####...
 Vampiric Draining        Necr           #.........   77%         3    ####...
 Ice Form                 Ice/Tmut       #.......     97%         4    #####..
 Petrify                  Tmut/Erth      #.......     97%         4    #####..
 Animate Dead             Necr           N/A          99%         4    #####..
 Blade Hands              Tmut           #.........   100%        5    ######.
 Bolt of Magma            Conj/Fire/Erth #.........   100%        5    ######.
 Iskenderun's Battlesphe  Conj/Chrm      #.......     100%        5    ######.
 Metabolic Englaciation   Hex/Ice        #.........   100%        5    ######.
 Venom Bolt               Conj/Pois      #.........   100%        5    ######.
 Yara's Violent Unravell  Hex/Tmut       #.........   100%        5    ######.
 Iron Shot                Conj/Erth      #.........   100%        6    #######
 Orb of Destruction       Conj           #.........   100%        7    #######
 Spellforged Servitor     Conj/Summ      #.........   100%        7    #######


Dungeon Overview and Level Annotations

Branches:
Dungeon (8/15)             Temple (1/1) D:5
   Lair: D:8-11

Altars:
Ashenzari
Gozag
Hepliaklqana
Kikubaaqudgha
Makhleb
Nemelex Xobeh
Okawaru
Ru
Sif Muna
Trog
Vehumet
Wu Jian
Yredelemnul
The Shining One

Annotations:
D:6 3 runed translucent doors, Derp's ghost, novice DsBe


Innate Abilities, Weirdness & Mutations

You are too large for most types of armour.
You have claws for hands.
Your metabolism is lightning-fast.
You like to eat raw meat.
Your natural rate of healing is unusually fast.
You are covered in fur. (AC +1)
You have extremely tough skin. (AC +3)
You cannot read scrolls while threatened.


Message History

The centaur warrior skeleton hits you but does no damage.
The shadow imp barely misses you. The shadow imp hits you.
* * * LOW HITPOINT WARNING * * *
The hellwing swoops through the air toward you!
You block the hellwing's attack. The hellwing barely misses you.
Press: ? - help, v - describe, . - travel
Here: a hellwing The floor.
Casting: Blink (safe; 54% risk of failure)
Confirm with . or Enter, or press ? or * to list all spells.
You miscast Blink.
You are very lightly contaminated with residual magic.
You feel uncomfortable.
You block the centaur warrior zombie's attack.
The centaur warrior skeleton is stunned by your will and fails to attack.
The shadow imp hits you.
* * * LOW HITPOINT WARNING * * *
The centaur warrior zombie barely misses you.
You block the hellwing's attack. The hellwing hits you.
You die...

. #..#....##'#. ...
#............
....####............
....Z....#........
#..###.........##
#...8.8...8.##
#8P.......5ZZ.#
#8.........454#
#.........8Z@.#
..P....=/..8Z8#
#......?∩(..5...#
##...8..$....P....
P.P.........###.
..........P# ..
.8......P.. .
...P......


You could see 2 hellwings, 3 shadow imps, 3 centaur warrior zombies and a
centaur warrior skeleton.

Vanquished Creatures
  A centaur zombie (D:7)
  A centaur skeleton (D:7)
  Prince Ribbit (D:5)
  A black bear (D:7)
  An orc warrior (D:7)
  2 ice beasts (D:5)
  2 phantoms
  2 centaurs
  5 big kobolds (D:4)
  A bullfrog (D:7)
  2 scorpions (D:4)
  3 howler monkeys
  2 electric eels (D:6)
  A crimson imp (D:7)
  2 hounds (D:7)
  2 jellies (D:6)
  Crazy Yiuf (D:4)
  A gnoll shaman (D:6)
  3 orc priests
  Jessica (D:3)
  Natasha (D:4)
  An orc wizard (D:5)
  4 worker ants
  3 worker ant zombies
  A howler monkey skeleton (D:5)
  13 gnolls
  9 adders
  A shadow imp (D:5)
  3 oozes
  2 adder skeletons
  An adder zombie (D:6)
  4 worms
  2 dart slugs
  6 leopard geckos
  17 orcs
  9 bats
  5 giant cockroaches
  8 goblins
  8 hobgoblins
  2 quokkas
  A ball python (D:1)
  5 frilled lizards
  54 kobolds
  8 rats
203 creatures vanquished.

Vanquished Creatures (others)
  2 kobolds (D:4)
2 creatures vanquished.

Grand Total: 205 creatures vanquished

Notes
Turn   | Place    | Note
-------+----------+-------------------------------------------
     0 | D:1      | jt the Troll Transmuter began the quest for the Orb.
     0 | D:1      | Reached XP level 1. HP: 18/18 MP: 1/1
   391 | D:1      | Reached XP level 2. HP: 23/26 MP: 2/2
   803 | D:2      | Reached skill level 4 in Unarmed Combat
   934 | D:2      | Reached XP level 3. HP: 32/32 MP: 3/3
   941 | D:2      | Learned a level 2 spell: Sticks to Snakes
  1333 | D:2      | Found a shattered altar of Ashenzari.
  1484 | D:2      | Learned a level 1 spell: Confusing Touch
  1758 | D:3      | Noticed Jessica
  1765 | D:3      | Killed Jessica
  1765 | D:3      | Reached skill level 5 in Unarmed Combat
  1765 | D:3      | Reached XP level 4. HP: 40/40 MP: 4/4
  2090 | D:3      | Reached skill level 1 in Shields
  2194 | D:3      | Reached XP level 5. HP: 46/46 MP: 5/5
  2888 | D:3      | Reached skill level 6 in Unarmed Combat
  3177 | D:4      | Found a sacrificial altar of Ru.
  3184 | D:4      | Became a worshipper of Ru the Awakened
  3267 | D:4      | Found a hazy altar of Hepliaklqana.
  3286 | D:4      | Reached XP level 6. HP: 40/54 MP: 6/6
  3422 | D:4      | Found an ornate altar of the Wu Jian Council.
  3463 | D:4      | Found a burning altar of Makhleb.
  3658 | D:4      | Found a runed translucent door.
  3659 | D:4      | Noticed Crazy Yiuf
  3667 | D:4      | Killed Crazy Yiuf
  4055 | D:4      | Noticed Natasha
  4061 | D:4      | Killed Natasha
  4084 | D:4      | Reached XP level 7. HP: 61/61 MP: 7/7
  4192 | D:4      | Reached skill level 1 in Evocations
  4419 | D:4      | Reached skill level 7 in Unarmed Combat
  4431 | D:4      | Gained mutation: You cannot read scrolls while threatened.
                  | [Ru sacrifice]
  4431 | D:4      | Reached * piety under Ru
  4752 | D:5      | Entered Level 5 of the Dungeon
  4762 | D:5      | Found a staircase to the Ecumenical Temple.
  4785 | D:5      | Reached XP level 8. HP: 59/68 MP: 8/8
  4803 | Temple   | Entered the Ecumenical Temple
  5117 | D:5      | Reached skill level 8 in Unarmed Combat
  5165 | D:5      | Noticed Prince Ribbit
  5286 | D:7      | Learned a level 2 spell: Blink
  5296 | D:7      | Reached skill level 5 in Shields
  5539 | D:5      | Killed Prince Ribbit
  5620 | D:6      | Found a sparkling altar of Nemelex Xobeh.
  5638 | D:6      | Found an ancient bone altar of Kikubaaqudgha.
  5640 | D:6      | Found a glowing golden altar of the Shining One.
  5686 | D:6      | Found a runed translucent gate.
  5686 | D:6      | Found a runed translucent gate.
  5687 | D:6      | Found a runed translucent gate.
  5687 | D:6      | Noticed Derp's ghost (novice DsBe)
  5879 | D:6      | Reached skill level 9 in Unarmed Combat
  6174 | D:7      | Reached XP level 9. HP: 75/75 MP: 9/9
  6344 | D:7      | Found a deep blue altar of Sif Muna.
  6513 | D:7      | Reached skill level 10 in Unarmed Combat
  6594 | D:7      | Noticed a hellwing
  6614 | D:7      | HP: 2/75 [hellwing (9)]
  6618 | D:7      | Noticed a hellwing
  6624 | D:7      | HP: 1/75 [shadow imp (3)]
  6624 | D:7      | Slain by a hellwing

Skill      XL: |  1  2  3  4  5  6  7  8  9 |
---------------+----------------------------+-----
Unarmed Combat | 4 5 6 7 9 10 | 10.3
Shields        | 1 2 3 4 6 7 |  7.3
Evocations     | 2 |  2.0
Fighting       | |  0.7
Dodging        | |  1.5
Spellcasting   | |  1.2
Transmutations | |  1.3

Action                   |  1- 3 |  4- 6 |  7- 9 || total
-------------------------+-------+-------+-------++-------
Melee: Unarmed           |    84 |   179 |   378 ||   641
       Punch             |     1 |       |       ||     1
Throw: Tomahawk          |       |       |     4 ||     4
 Cast: Blink             |       |       |     1 ||     1
Invok: Sacrifice Words   |       |       |     1 ||     1
Evoke: Wand              |       |     1 |     1 ||     2
  Use: Scroll            |     5 |     3 |     1 ||     9
       Potion            |     3 |       |     8 ||    11
 Stab: Sleeping          |     7 |     3 |     4 ||    14
       Paralysed         |       |     4 |       ||     4
       Distracted        |       |       |     1 ||     1
  Eat: Chunk             |    21 |    21 |    24 ||    66
Armor: Robe              |    27 |    60 |   112 ||   199
       Skin              |       |       |     5 ||     5
Dodge: Dodged            |    58 |    49 |    93 ||   200
Block: Shield            |       |    85 |   159 ||   244
